[Event "FRA-ch Teams Top 16-A 2022"]
[Site "Chartres"]
[Date "2022.06.12"]
[Round "4.23"]
[White "Kuhn, Clement"]
[Black "Maze, Sebastien"]
[Result "1/2-1/2"]
[ECO "E71"]
[WhiteElo "2280"]
[BlackElo "2519"]
[Annotator "TA"]
[PlyCount "86"]
[EventDate "2022.06.09"]
[EventType "team-tourn"]
[EventCountry "FRA"]
[SourceTitle "playchess.com"]
[Source "ChessBase"]
[SourceQuality "1"]
[TimeControl "40/5400+30:1800+30"]

1. d4 Nf6 2. c4 g6 3. Nc3 Bg7 4. e4 d6 5. h3 Nbd7 6. Be3 {[%emt 0:00:53] E71: King's Indian: 4 e4 d6 5 h3.} e5 7. Nge2 {[%emt 0:07:31][%cal Bg1e2,Be2d4,Bd4f3,Bf3d4][%mdl 32] [#]} h5 $146 ({Predecessor:} 7... O-O 8. d5 Nc5 9. Qc2 a5 10. g4 Ne8 11. Ng3 Bf6 12. O-O-O Bg5 13. Bd3 Bxe3+ 14. fxe3 {1-0 (32) Katashuk,V (2142)-Ilyuchyk,Y (2083) Minsk 2018}) 8. g3 {[%emt 0:04:57] White is slightly better.} O-O 9. Bg2 a6 10. O-O exd4 11. Nxd4 (11. Qxd4 $6 Ne5 $11) 11... Rb8 12. Rc1 Re8 13. Re1 c6 14. f4 {[%emt 0:00:30] 0x0.00166c33e6eadp-1022s more active pieces.} Qc7 (14... c5 $14 {feels stronger.}) 15. Bf2 $16 c5 16. Nf3 b5 (16... b6 $142) 17. cxb5 axb5 {[%emt 0:00:11] [#]} 18. b4 $1 c4 (18... Qd8 $16 {was worth a try.}) 19. Nd4 $18 Ba6 20. a4 bxa4 21. Qxa4 Qc8 (21... Ra8 $142 22. Qc6 Qxc6 23. Nxc6 Rac8) 22. b5 Bb7 23. Nc6 Bxc6 24. bxc6 Nb6 25. Bxb6 (25. Qb5 Nbd5 $18) 25... Rxb6 26. e5 (26. Qxc4 Rxc6 27. Qd3 {[#]} Nxe4 $1 28. Rxe4 Rxe4 29. Bxe4 Rxc3 30. Rxc3 Bxc3 $15) 26... dxe5 27. fxe5 Nh7 28. Qxc4 Ng5 29. Rc2 {[%emt 0:39:39] Against Rb2. Nd5 is the strong threat.} Rxe5 30. Rd1 Qe6 (30... Nxh3+ $2 31. Kh2 Rxc6 32. Qxc6 $18) 31. Qxe6 Nxe6 32. Nd5 Rb3 (32... Ra6 {is a better defense.} 33. Nf4 Nc7) 33. Nf4 {[%emt 0:00:00] Black must now prevent Nxe6.} ({Less strong is} 33. c7 Nxc7 34. Nxc7 (34. Rxc7 Rxg3 35. Rc3 Rxc3 $16) 34... Rf5 $16) ({Not} 33. Ne7+ Kh8 $16) 33... Nc7 34. Rd7 Re1+ 35. Kf2 Re8 36. Re2 $2 (36. Bf1 $18 {And now Bc4 would win.} Bc3 37. Rxc7 Be1+ 38. Kg1 Rxg3+ 39. Bg2) 36... Rxe2+ $11 {[%emt 0:01:01] The position is equal.} 37. Nxe2 Be5 38. Bd5 Nxd5 39. Rxd5 Bc7 40. Rd7 Bb6+ 41. Ke1 {[%emt 0:30:29] aiming for Rb7.} Ba5+ $1 42. Kf2 {[%emt 0:00:00] Hoping for Rb7.} Bb6+ 43. Ke1 {[%emt 0:00:00] Threatens to win with Rb7.} Ba5+ $1 {[%emt 0:00:00] White really could win this.  Weighted Error Value: White=0.28 (precise) /Black=0.24 (precise)} 1/2-1/2

[Event "FRA-ch Teams Top 16-A 2022"]
[Site "Chartres"]
[Date "2022.06.12"]
[Round "4.24"]
[White "Sebag, Marie"]
[Black "Aflalo, Sophie"]
[Result "1-0"]
[ECO "B30"]
[WhiteElo "2472"]
[BlackElo "2152"]
[Annotator "TA"]
[PlyCount "82"]
[EventDate "2022.06.09"]
[EventType "team-tourn"]
[EventCountry "FRA"]
[SourceTitle "playchess.com"]
[Source "ChessBase"]
[SourceQuality "1"]
[TimeControl "40/5400+30:1800+30"]

1. e4 c5 2. Nf3 Nc6 3. Bb5 Nf6 4. Nc3 Qc7 5. O-O e6 6. Re1 {[%emt 0:09:26] B30: Sicilian: 2...Nc6 3 Bb5, lines without ...g6.} Ne5 7. Bf1 {[%emt 0:17:34] [#]} a6 $146 ({Predecessor:} 7... d6 8. Nb5 Qb8 9. d4 cxd4 10. Nbxd4 a6 11. c4 Be7 12. b3 O-O 13. Bb2 Rd8 {1-0 (54) Demchenko,A (2495)-Shtyrenkov,V (2348) Alushta 2008}) 8. Nxe5 {[%emt 0:02:35] White is slightly better.} Qxe5 9. d3 h5 (9... Bd6 $2 10. f4 Qh5 11. Be2 $18) 10. g3 h4 11. Bf4 Qh5 12. Qxh5 Nxh5 13. Be3 {[%emt 0:03:51] White is more active.} (13. Bc7 $16) 13... hxg3 14. hxg3 b5 15. Bg2 {[%emt 0:12:25] [#] aiming for e5.} Bb7 16. e5 {[%emt 0:01:57] Inhibits Nf6.} Bxg2 17. Kxg2 {[%emt 0:00:07] g4 is the strong threat.} f5 18. Rh1 d5 {[%emt 0:01:54] White now steadily converts the win.} (18... d6 $1 $14) 19. Ne2 $36 {[%emt 0:01:57][%mdl 2048] White is in control.} d4 (19... Kf7 $16 {might work better.}) 20. Bd2 $18 {[%emt 0:00:51] Black must now prevent f3.} Be7 (20... g6 $142 21. f3 Rg8) 21. f3 g5 22. Rh2 c4 23. Rah1 {[%emt 0:01:23] White is clearly winning.} cxd3 24. cxd3 Rc8 25. Nxd4 ({Worse is} 25. Rxh5 Rxh5 26. Rxh5 Rc2 $11) 25... Rd8 26. Nb3 ({Less strong is} 26. Rxh5 Rxh5 27. Rxh5 Rxd4 $16) 26... Rxd3 27. Rxh5 Rxh5 28. Rxh5 a5 29. Bxa5 Re3 30. Rh8+ Kf7 31. Rh7+ Ke8 32. Nd4 g4 33. fxg4 fxg4 34. a3 Bc5 35. Bc3 Rxe5 36. Nxb5 Re2+ 37. Kf1 Rf2+ 38. Ke1 {[%emt 0:00:03] [#] And now Nc7+ would win.} Rf7 39. Nc7+ Ke7 40. Rxf7+ Kxf7 41. Be5 Bb6 {[%emt 0:30:42] Weighted Error Value: White=0.09 (flawless) /Black=0.42} 1-0

[Event "FRA-ch Teams Top 16-A 2022"]
[Site "Chartres"]
[Date "2022.06.12"]
[Round "4.25"]
[White "Lagarde, Maxime"]
[Black "Sochacki, Christophe"]
[Result "0-1"]
[ECO "C42"]
[WhiteElo "2628"]
[BlackElo "2493"]
[Annotator "TA"]
[PlyCount "76"]
[EventDate "2022.06.09"]
[EventType "team-tourn"]
[EventCountry "FRA"]
[SourceTitle "playchess.com"]
[Source "ChessBase"]
[SourceQuality "1"]
[TimeControl "40/5400+30:1800+30"]

1. e4 e5 2. Nf3 Nf6 3. Nxe5 d6 4. Nf3 Nxe4 5. c4 Nc6 6. Nc3 Nxc3 7. dxc3 g6 {[%emt 0:01:34] C42: Petroff Defence: 3 Nxe5 and unusual White 3rd moves.} 8. Be3 Bg7 9. Qd2 O-O {[%emt 0:01:14] [#] The position is equal.} 10. O-O-O $146 ({Predecessor:} 10. Be2 a5 11. Rd1 b6 12. h3 Bb7 13. O-O Re8 14. Rfe1 a4 {½-½ (16) Baciu,D (2266)-Papp,P (2334) Germany 2018}) 10... Bg4 (10... a5 $142) 11. Be2 a5 12. h3 Bf5 13. Ng5 {[%emt 0:05:21] [#]} (13. Rhe1 $11) 13... Nb4 $1 $17 14. cxb4 axb4 15. g4 (15. Qxb4 $2 Rxa2 16. Qb3 (16. Bd3 $2 Bxd3 17. Rxd3 Ra1+ 18. Kd2 Rxh1 $19) 16... Rxb2 17. Qxb2 Bxb2+ 18. Kxb2 Qf6+ 19. Kb3 Ra8 $19) 15... Rxa2 16. gxf5 Rxb2 $40 {[%emt 0:12:13][%mdl 128] Black goes for the king.} 17. Qxb2 (17. fxg6 $17 {might work better.} hxg6 18. Qxb2 Bxb2+ 19. Kxb2 Qf6+ 20. Kb1 (20. Rd4 $2 c5 $19)) 17... Bxb2+ $19 18. Kxb2 Qf6+ 19. Rd4 {[%emt 0:01:11] [#]} c5 $1 {[%emt 0:04:28][%mdl 64] Pin. Really sharp!} 20. Ne4 Qxf5 ({But not} 20... Qh8 {[#]} 21. Rhd1 $1 cxd4 22. Bxd4 $18) 21. Bd3 $2 ({Don't go for} 21. Nxd6 $2 Qe5 22. Rhd1 cxd4 23. Rxd4 f5 $19) (21. Rxd6 Qe5+ 22. Kb3) 21... cxd4 22. Bxd4 {[%emt 0:00:09] Black must now prevent Nf6+.} Qf3 23. Nf6+ Kh8 24. Be4 Qe2+ 25. Kb1 Ra8 26. Bb2 Qxc4 {[%emt 0:01:35] Threatens to win with ...Qa2+.} 27. Bxb7 Qd3+ 28. Kc1 Ra3 {[%emt 0:06:25] aiming for ...Qc4+.} 29. Nd5+ {[%emt 0:06:59] [#]} Rc3+ $1 30. Nxc3 bxc3 31. Ba1 Qd2+ 32. Kb1 f6 {[%emt 0:04:13] ( -> ...c2+)} 33. Be4 {[%emt 0:01:35] Against c2+} d5 34. Bc2 d4 {[%emt 0:00:09] ...d3 is the strong threat.} 35. Rd1 Qxf2 36. Rd3 Kg7 37. Bd1 h5 38. Rf3 c2+ {[%emt 0:01:11] White did not feel at home in the position after the opening.  Weighted Error Value: White=0.92/Black=0.07 (flawless)} 0-1

[Event "FRA-ch Teams Top 16-A 2022"]
[Site "Chartres"]
[Date "2022.06.12"]
[Round "4.26"]
[White "Dourerassou, Jonathan"]
[Black "Kamsky, Gata"]
[Result "1/2-1/2"]
[ECO "C47"]
[WhiteElo "2446"]
[BlackElo "2661"]
[Annotator "TA"]
[PlyCount "32"]
[EventDate "2022.06.09"]
[EventType "team-tourn"]
[EventCountry "FRA"]
[SourceTitle "playchess.com"]
[Source "ChessBase"]
[SourceQuality "1"]
[TimeControl "40/5400+30:1800+30"]

1. e4 e5 2. Nf3 Nc6 3. Nc3 Nf6 4. d4 exd4 5. Nxd4 Bb4 6. Nxc6 bxc6 7. Bd3 O-O 8. O-O d5 9. exd5 cxd5 {[%emt 0:00:05] The position is equal.} 10. h3 {[%emt 0:00:20] Prevents Bg4. C47: Scotch Four Knights and Four Knights with 4 g3.} c6 11. Qf3 a5 12. Bg5 h6 13. Bxf6 Qxf6 14. Qxf6 gxf6 15. Ne2 Rb8 {[%emt 0:04:17] [#]} 16. Nd4 $146 ({Predecessor:} 16. Rab1 Rb6 17. Ng3 Be6 18. Nh5 Be7 19. Rfe1 Rfb8 20. b3 c5 21. Rbd1 Kf8 22. Be2 {½-½ (58) Karas,M (2236)-Mraz,O (2136) Liptovsky Mikulas 2016}) 16... Rb6 {[%emt 0:04:13] A balanced but interesting game.  Weighted Error Value: White=0.01 (flawless) /Black=0.05 (flawless)} 1/2-1/2

[Event "FRA-ch Teams Top 16-A 2022"]
[Site "Chartres"]
[Date "2022.06.12"]
[Round "4.27"]
[White "Tiviakov, Sergei"]
[Black "Saatdjian, Thomas"]
[Result "1-0"]
[ECO "B22"]
[WhiteElo "2567"]
[BlackElo "2271"]
[Annotator "TA"]
[PlyCount "91"]
[EventDate "2022.06.09"]
[EventType "team-tourn"]
[EventCountry "FRA"]
[SourceTitle "playchess.com"]
[Source "ChessBase"]
[SourceQuality "1"]
[TimeControl "40/5400+30:1800+30"]

1. e4 c5 2. c3 d5 3. exd5 Qxd5 4. d4 Nf6 5. Nf3 Bg4 6. dxc5 Qxc5 7. Be3 {[%emt 0:00:35] B22: Sicilian: 2 c3.} Qc7 8. h3 Bh5 9. Qa4+ $5 {[%emt 0:07:46][%mdl 4] The position is equal. An interesting side line.} Nbd7 10. Nbd2 e6 {[%emt 0:11:18] [#]} 11. Nd4 $146 ({Predecessor:} 11. O-O-O Be7 12. Bf4 Qc8 13. g4 Bg6 14. Ne5 O-O 15. Nxg6 hxg6 16. Bg2 Nb6 17. Qb5 {0-1 (25) Lyall,S (1801)-Zhang,L (1839) Auckland 2014}) 11... Be7 12. Qc4 Qxc4 13. Nxc4 Nd5 14. Be2 Nxe3 15. Nxe3 Bxe2 16. Kxe2 O-O-O 17. Rhd1 a6 18. a4 Kc7 19. a5 Bc5 (19... g5 {is more complex.} 20. Nf3 Nc5 21. Ne5 f5) 20. Ra4 Bxd4 21. Raxd4 Ne5 22. b4 Nc6 23. Rxd8 Rxd8 24. Rxd8 Kxd8 $11 {[%emt 0:00:22][%mdl 4096] Endgame KN-KN} 25. g4 f6 26. f4 Ke7 27. Kd3 g6 28. Nc4 Kd7 29. Nd2 f5 $1 {[%emt 0:00:01] Against Ne4} 30. gxf5 exf5 (30... gxf5 $11 31. Nc4 Kc7) 31. Nb3 $14 Kd6 ({Black should play} 31... Nd8 $16) 32. Nd4 Ne7 33. c4 Ng8 34. Ne2 Ne7 35. c5+ Kd5 36. Nc3+ Ke6 37. Kc4 h6 38. h4 {[%emt 0:00:54] Inhibits g5.} g5 $1 39. fxg5 hxg5 40. hxg5 {[%emt 0:05:37] Black must now prevent b5.} f4 41. b5 {[%emt 0:12:04] Ne2 is the strong threat.} Ke5 42. g6 {[%emt 0:03:51] aiming for g7.} Nxg6 {[%emt 0:06:16][%mdl 8192] [#] This costs Black the game.} (42... f3 $11 43. Kd3 Nxg6) 43. c6 $1 $18 {[%emt 0:00:12] White is clearly winning.} ({Not} 43. bxa6 bxa6 44. c6 Kd6 $11) 43... axb5+ {[%emt 0:00:19] [#]} 44. Kc5 $1 ({Less strong is} 44. Kxb5 bxc6+ 45. Kb6 (45. Kxc6 Ne7+ 46. Kd7 f3 $11) 45... Ne7 $14) 44... bxc6 45. a6 {[%emt 0:00:04] Threatening mate with a7.} f3 46. Nd1 {[%emt 0:00:05] Weighted Error Value: White=0.06 (flawless) /Black=0.09 (flawless)} 1-0

[Event "FRA-ch Teams Top 16-A 2022"]
[Site "Chartres"]
[Date "2022.06.12"]
[Round "4.28"]
[White "Sochacki, Wojtek"]
[Black "Medvegy, Zoltan"]
[Result "1/2-1/2"]
[ECO "A05"]
[WhiteElo "2324"]
[BlackElo "2522"]
[Annotator "TA"]
[PlyCount "246"]
[EventDate "2022.06.09"]
[EventType "team-tourn"]
[EventCountry "FRA"]
[SourceTitle "playchess.com"]
[Source "ChessBase"]
[SourceQuality "1"]
[TimeControl "40/5400+30:1800+30"]

1. Nf3 Nf6 2. g3 b5 3. Bg2 Bb7 4. O-O e6 5. d3 Be7 6. e4 d6 7. Nbd2 c5 8. Re1 Nbd7 9. b3 O-O 10. Bb2 e5 11. c4 bxc4 12. bxc4 Nb8 13. Rb1 Qc7 14. Nf1 Nc6 15. Ne3 Rab8 16. Nd5 Nxd5 17. cxd5 Nd4 18. Bxd4 cxd4 19. Qa4 Bc8 20. Rxb8 Qxb8 21. h4 Rd8 22. Nd2 Bd7 23. Qa3 Rc8 24. Rb1 Qc7 25. Nc4 Bf8 26. Qb3 g6 27. Kh2 h5 28. a4 Rd8 29. f3 Bc8 30. Qb5 Bd7 31. Qb4 Bc8 32. Qb8 Qe7 33. Qb2 Ba6 34. Na5 $1 Qf6 35. Nc6 Rd7 $2 (35... Re8 $11 {and Black has nothing to worry.}) 36. Qd2 (36. Qc2 $18) 36... Kh7 $16 37. Nb8 Rb7 38. Qd1 Rxb1 39. Qxb1 Bc8 40. Qb5 (40. Qc2 $5 Qd8 41. Nc6 $14) 40... Qd8 41. Nc6 Qb6 42. Bh3 Ba6 43. Qxb6 axb6 44. Nb4 Bb7 45. Bd7 Bh6 46. Bb5 Kg7 47. Nc6 Bd2 48. Nb8 Bc8 49. Ba6 Bxa6 50. Nxa6 Kf8 51. Nc7 Ke7 52. Nb5 Bb4 53. Kg2 Kd7 54. Kf2 f6 (54... f5 $11) 55. Ke2 (55. f4 $16) 55... Bc5 (55... f5 $11 {keeps the balance.}) 56. Na7 Bb4 ({Black should play} 56... f5 $14) 57. Nc6 $18 Bc3 ({Black should try} 57... Ba5) 58. Kd1 ({Better is} 58. f4 $16) 58... g5 $11 59. hxg5 fxg5 60. Ke2 g4 61. Kf2 Bd2 62. Na7 Bb4 63. Nb5 Bc5 64. Kg2 gxf3+ $2 (64... Bb4 $11 {and Black stays safe.}) 65. Kxf3 $18 Kc8 66. Na7+ $2 (66. g4 $18 hxg4+ 67. Kxg4) 66... Kb7 $1 $11 67. Nc6 Ka6 $2 (67... Ba3 $16 {is a better chance.}) 68. Kg2 $18 b5 69. axb5+ Kxb5 70. Kf3 $2 (70. Ne7 Ka5 71. Nf5) 70... Bb6 $2 (70... Kb6 71. Kg2 Kb5) 71. Ne7 $18 Bd8 72. Nf5 Kc5 73. Kg2 $2 (73. Ng7 $1 $18 Be7 74. Nxh5) 73... Bg5 $2 (73... Bf6 $11) 74. Kf3 $2 (74. Ng7 $1 $18 {[%cal Rg7e6] White wants to mate with Ne6+.} Kb6 75. Nxh5) 74... Bf6 $11 75. Kf2 $1 Bg5 $2 (75... Bh8 $11) 76. Kf1 $2 (76. Ng7 $1 $18 ) 76... Bf6 $1 $11 77. Ke2 Bh8 $1 78. Kd2 Bf6 79. Kc2 Bh8 80. Kb3 Bf6 81. Ka4 Bd8 82. Kb3 Bf6 83. Ka3 Kb6 84. Kb4 ({Don't blunder} 84. Nxd6 $2 Be7 85. Kb3 Bxd6 $19) 84... Kc7 $1 85. Kb5 Bh8 86. Ka6 Bf6 87. Kb5 Bh8 88. Kc4 Bf6 89. Kb3 Bh8 $2 (89... Kd7 $11) 90. Kc2 $18 Bf6 91. Kd2 Bg5+ 92. Ke2 Bf6 93. Kf3 Bh8 94. g4 hxg4+ 95. Kxg4 Bf6 96. Kh5 Kd7 97. Kg6 Bd8 98. Kf7 Ba5 99. Nh6 Bd2 100. Ng8 Bb4 101. Nf6+ Kd8 102. Ke6 Bc5 103. Ng8 Kc7 104. Ke7 $2 (104. Nh6 $18 Ba3 105. Nf5) 104... Kb6 $1 $11 105. Nf6 Kb5 106. Ke6 Ka4 107. Nd7 Bb4 108. Nxe5 dxe5 109. Kxe5 Kb5 110. Ke6 Kc5 111. e5 Be1 (111... Bd2 $5) 112. d6 Kc6 113. Ke7 $2 {[%emt 0:00:37][%mdl 8192] [#]} (113. Kf7 $11 Bh4 114. Ke6) 113... Bh4+ $2 (113... Kd5 $1 {mates} 114. Kf6 Bg3 115. e6 Bxd6 116. Kf5 Kc5 117. Kg5 Kb4 118. Kh5 Kc3 119. Kg4 Kxd3 120. Kf3 Be7 121. Kf4 Ke2 122. Kf5 d3 123. Kg6 d2 124. Kf7 Ba3 125. e7 {[#]} Bxe7 $1 126. Kxe7 d1=Q 127. Kf7 Ke3 128. Kg7 Ke4 129. Kf6 Qd6+ 130. Kg5 Qe7+ 131. Kh5 Qg7 132. Kh4 Kf4 133. Kh5 Qh7#) 114. Ke6 $1 $11 Bg3 115. Kf5 Kd5 116. d7 Bh4 117. e6 Be7 (117... Bd8 $5) 118. Kf4 Bd8 (118... Bf6 $5 119. Kf5 Be7 $11) 119. Kf5 Be7 120. Kf4 Kxe6 121. Ke4 Bf6 122. d8=B Bxd8 123. Kxd4 Bf6+ 1/2-1/2

[Event "FRA-ch Teams Top 16-A 2022"]
[Site "Chartres"]
[Date "2022.06.12"]
[Round "4.29"]
[White "Maurizzi, Marc`Andria"]
[Black "Cantin, Loic"]
[Result "1-0"]
[ECO "C48"]
[WhiteElo "2490"]
[BlackElo "2199"]
[Annotator "TA"]
[PlyCount "117"]
[EventDate "2022.06.09"]
[EventType "team-tourn"]
[EventCountry "FRA"]
[SourceTitle "playchess.com"]
[Source "ChessBase"]
[SourceQuality "1"]
[TimeControl "40/5400+30:1800+30"]

1. e4 e5 2. Nf3 Nc6 3. Bb5 Nf6 4. Nc3 Bd6 5. d3 O-O 6. a3 {[%emt 0:08:39] C48: Four Knights: 4 Bb5, replies other than 4...Bb4.} Nd4 7. Bc4 c6 8. Nxd4 {[%emt 0:11:10] The position is equal.} exd4 9. Ne2 Be5 {[%emt 0:02:24] [#]} 10. O-O $146 ({Predecessor:} 10. Bg5 h6 11. Bh4 Qc7 12. Bxf6 Bxf6 13. O-O d6 14. Ng3 Be6 15. Bb3 c5 16. f4 {1-0 (36) Cornette,D (2419)-Yildiz Kadioglu,B (2326) Kocaeli 2017}) 10... d5 11. exd5 Nxd5 12. Ng3 Bxg3 13. hxg3 Be6 14. Qf3 Qd7 15. Qe4 Nc7 16. Bxe6 Nxe6 17. Bd2 Rfe8 18. Rfe1 Nc7 19. Qf4 Re6 20. Rxe6 Nxe6 21. Qg4 Re8 22. Re1 Nf8 23. Qf4 Rxe1+ 24. Bxe1 $11 {[%emt 0:00:01][%mdl 4096] Endgame KQB-KQN} Qd8 25. a4 g6 26. Bd2 h5 27. Bb4 Ne6 28. Qe5 b6 29. Bd6 Qd7 30. Bb8 a6 {[%emt 0:00:46] [#]} (30... c5 $11) 31. Qf6 $1 $16 c5 32. Be5 Kf8 33. b3 Ke8 34. Qh8+ Ke7 35. Qa8 (35. f4 $16) 35... a5 $1 $11 (35... f6 36. Bb8 $16) 36. Qa6 $1 {[%emt 0:00:00] White is much more active.} (36. Qh8 Qe8 $11) 36... Qd8 (36... f6 $2 37. Bb8 $18) (36... Qc6 $1 $11) 37. Qb7+ $16 Kf8 38. Bb8 (38. f4 $16) 38... h4 $2 {[%emt 0:02:02] Loses the game.} (38... Kg8 $14) 39. gxh4 $18 Qxh4 40. Bd6+ ({Don't take} 40. Qxb6 $6 Qh5 $16) 40... Kg8 41. Qc8+ Kh7 {[%emt 0:07:38] [#]} 42. Be5 $1 ({Much less strong is} 42. Qb7 $6 Qf6) 42... f6 (42... Qd8 $142 43. Qxd8 Nxd8) 43. Qxe6 fxe5 44. Qxe5 {[%emt 0:00:00] Hoping for Qh2. KQ-KQ} (44. Qxb6 Qg5 $16) 44... Qd8 45. Kf1 Qd7 46. f3 Qd8 $2 (46... c4 47. bxc4 (47. dxc4 d3 $16) 47... Qxa4) 47. Ke2 Kh6 48. Qf4+ Kg7 49. Kd1 Qe7 50. Qe4 Qg5 (50... Qc7 $142 51. f4 Qd7) 51. f4 (51. Qb7+ $142 Kh6 52. Qxb6) 51... Qh4 $2 (51... Qg4+ 52. Kc1 Qd7 53. Qe5+ Kf7) 52. Kc1 (52. Qb7+ $142 Kh6 53. Qxb6) 52... Qd8 $2 (52... Qf6 {might work better.} 53. Kd1 Qd8 54. Qe5+ Kf7) 53. g4 Qh4 $2 (53... Qd7 54. g5 Kf7) 54. g5 Qf2 55. Qe7+ Kg8 56. Qe6+ Kg7 57. Qf6+ Kh7 58. Qf7+ Kh8 59. Qf8+ {[%emt 0:00:00] Weighted Error Value: White=0.19 (very precise) /Black=0.52} 1-0

[Event "FRA-ch Teams Top 16-A 2022"]
[Site "Chartres"]
[Date "2022.06.12"]
[Round "4.30"]
[White "Caille, Hugo"]
[Black "Daulyte-Cornette, Deimante"]
[Result "0-1"]
[ECO "A49"]
[WhiteElo "2177"]
[BlackElo "2372"]
[Annotator "TA"]
[PlyCount "46"]
[EventDate "2022.06.09"]
[EventType "team-tourn"]
[EventCountry "FRA"]
[SourceTitle "playchess.com"]
[Source "ChessBase"]
[SourceQuality "1"]
[TimeControl "40/5400+30:1800+30"]

1. Nf3 Nf6 2. g3 g6 3. Bg2 Bg7 4. O-O O-O 5. d4 d6 6. Nc3 d5 7. Re1 c5 {[%emt 0:11:54] A49: 1 d4 Nf6 2 Nf3 g6 3 g3: Anti-King's Indian systems.} 8. dxc5 Na6 {[%emt 0:00:20] [#]} 9. Nd4 $146 ({Predecessor:} 9. e4 dxe4 10. Qxd8 Rxd8 11. Ng5 Nb4 12. Bf4 Nxc2 13. Rad1 Bf5 14. Rxd8+ Rxd8 15. Rc1 {0-1 (42) Becker,M-Schmidt,J Bochum 1989}) 9... Nxc5 {[%emt 0:06:45] White has an edge.} 10. Nb3 $1 Nxb3 11. axb3 d4 12. Na4 e5 13. c3 Re8 14. b4 a5 15. bxa5 (15. Nc5 $5 ) 15... Rxa5 16. b4 Ra7 {[%emt 0:08:14][%cal Ba5a7,Ba7a4,Ba4b4][%mdl 32] [#] Threatens to win with ...b5.} (16... Ra6 $5 17. Bb2 Rd6 $11) 17. Bb2 Qe7 18. cxd4 Qxb4 19. dxe5 Ng4 20. Qd4 $2 {[%emt 0:03:01][%mdl 8192] [#] This move loses the game for White.} (20. Bc3 $16 Qe7 21. Nb6 Rxa1 22. Qxa1) 20... Rxa4 $19 21. Qxb4 {[%emt 0:09:50] Black is winning.} Rxb4 22. Ba3 Ra4 ({Less strong is} 22... Bxe5 23. Bxb4 Bxa1 24. Rxa1 $16) 23. f4 Ne3 {[%emt 0:00:27] Weighted Error Value: White=0.42/Black=0.10 (very precise)} 0-1

[Event "FRA-ch Teams Top 16-A 2022"]
[Site "Chartres"]
[Date "2022.06.12"]
[Round "4.31"]
[White "Stephan, Victor"]
[Black "Da Silva, Quentin"]
[Result "1-0"]
[ECO "E99"]
[WhiteElo "2399"]
[BlackElo "2171"]
[Annotator "TA"]
[PlyCount "81"]
[EventDate "2022.06.09"]
[EventType "team-tourn"]
[EventCountry "FRA"]
[SourceTitle "playchess.com"]
[Source "ChessBase"]
[SourceQuality "1"]
[TimeControl "40/5400+30:1800+30"]

1. d4 {[%emt 0:00:04] Kotronias,V/Primel,D} Nf6 2. c4 g6 3. Nc3 Bg7 4. e4 d6 5. Nf3 O-O 6. Be2 e5 7. O-O Nc6 8. d5 Ne7 9. Ne1 Nd7 10. Nd3 f5 11. Bd2 Nf6 12. f3 f4 13. c5 g5 14. Rc1 Ng6 15. Nb5 Rf7 16. Ba5 b6 17. cxd6 cxd6 18. Be1 {[%emt 0:00:32] E99: King's Indian: Classical Main Line: 9 Ne1 Nd7 10 f3 f5.} Ne8 ({Black should try} 18... g4 $1 $14) 19. Nb4 $16 h5 20. Nc6 {[%emt 0:03:45] White is clearly better.} Qf6 21. Nbxa7 Bd7 {[%emt 0:02:51] [#]} 22. Qb3 $146 ({Better is} 22. Nb5 $18) ({Predecessor:} 22. Bf2 g4 23. fxg4 Qg5 24. gxh5 f3 25. Bxf3 Nf4 26. Kh1 Nf6 27. Nb5 Bf8 28. Nc7 Nh3 29. gxh3 Bxh3 30. Ne6 {1-0 (30) Navrotescu,C (2366)-Caderon,M (1993) Sautron 2015 EXT 2019 [Kotronias,V/Primel,D]}) 22... g4 {[%emt 0:08:20][%cal Og4g3] White must now prevent ...g3!} 23. Qxb6 {[%emt 0:03:55] 0x0.000860e89182dp-1022s more active pieces.} Bf8 24. Rc2 Rg7 25. b3 (25. Kh1 $142) 25... Nh4 {[%emt 0:03:26][%cal Oh4g2] ...Nxg2! is the strong threat.} 26. Nb8 $2 {[%emt 0:06:43][%mdl 8192] [#]} (26. Bd1 $16) 26... Rxb8 $1 $19 27. Qxb8 {[%emt 0:00:23] [#] Threatens to win with Bb5.} Nxg2 $1 28. Bb5 (28. fxg4 Nxe1) 28... Nxe1 {[%emt 0:03:00][%mdl 64] Deflection} 29. Rxe1 gxf3+ 30. Kh1 Rg2 31. Rxg2+ fxg2+ 32. Kg1 {[%emt 0:00:03] [#]} f3 $1 33. Qb6 Bxb5 (33... Qh4 34. Qf2 Qxf2+ 35. Kxf2 $16) 34. Nxb5 {[%emt 0:00:03] [#]} Be7 $2 (34... Bh6 $1 $19 35. Qf2 Qf4 36. Qg3+ Qxg3 37. hxg3 Bd2) 35. Qf2 $16 Qf4 {[%emt 0:00:40] [#]} (35... Bd8 $16 36. Rc1 h4) 36. Re3 $1 $18 {[%emt 0:01:33][%cal Be1e3,Be3f3,Bf3g3][%mdl 32] White is clearly winning.} ({Worse is} 36. Qg3+ Qxg3 37. hxg3 Bd8 $11) 36... Nf6 {[%emt 0:00:33] ( -> ...Ng4)} 37. Qxf3 Qxf3 38. Rxf3 Nxe4 39. Kxg2 Bg5 40. Nc3 Nf6 41. Rg3 {[%emt 0:30:35] What a bad dream for Black.  Weighted Error Value: White=0.59/Black=0.54} 1-0